Map: 세룰리안 폴 - 래더

Players

Zest

  • Race: Protoss Protoss
  • League: Master
  • Spawn Location: 7:00

LiquidTaeJa (TaeJa) - Winner!

  • Race: Terran Terran
  • League: Diamond
  • Spawn Location: 1:00

Event: HomeStory Cup XVIII

VOD

Have the link to the VOD?

Description

Time

  • Played on: Nov. 23, 2018, 10:12 a.m.
  • Length: 5:02

All games in this series

Show
View Real Time Build Order
Export as new Build Order

Zest Protoss 

Build Orders: 1 Gate Expand 

Get SALT Encoding   

  12  0:00  Probe  
  13  0:12  Probe  
  14  0:18  Pylon  
  14  0:24  Probe  
  15  0:32  Probe  
  15  0:37  Gateway  
  15  0:40  Probe  
  16  0:46  Assimilator  
  17  0:51  Probe  
  18  1:03  Probe  
  19  1:15  Probe  
  20  1:23  Nexus  
  20  1:32  Cybernetics Core  
  20  1:35  Probe  
  21  1:40  Assimilator  
  21  1:47  Probe  
  21  1:54  Pylon  
  22  1:59  Probe  
  23  2:03  Adept  
  23  2:11  Warp Gate  
  23  2:12  Probe  
  25  2:24  Probe  
  25  2:29  Stalker  
  25  2:33  Probe  
  25  2:34  Probe  
  29  2:41  Probe  
  29  2:42  Probe  
  29  2:49  Probe  
  29  2:50  Probe  
  31  2:58  Robotics Facility  
  33  2:59  Stalker  
  33  3:04  Probe x2  
  36  3:12  Probe  
  37  3:20  Gateway x2, Probe  
  37  3:23  Probe  
  39  3:29  Sentry  
  39  3:32  Pylon  
  41  3:36  Probe x2  
  41  3:38  Observer  
  43  3:46  Pylon  
  44  3:49  Probe  
  44  3:53  Probe  
  46  3:57  Assimilator  
  46  3:59  Assimilator  
  46  4:01  Pylon, Observer, Probe  
  48  4:05  Probe  
  48  4:09  Pylon  
  49  4:14  Probe  
  51  4:17  Probe  
  51  4:18  Robotics Bay  
  51  4:22  Immortal  
  51  4:24  Adept x2  
  51  4:26  Adept, Probe  
  51  4:29  Probe  
  38  4:46  Stalker x2  
Show
View Real Time Build Order
Export as new Build Order

LiquidTaeJa Terran - Winner!

Build Orders: Cyclone Opening 

Get SALT Encoding   

  12  0:00  SCV  
  13  0:12  SCV  
  14  0:17  Supply Depot  
  14  0:24  SCV  
  15  0:39  SCV  
  15  0:41  Barracks  
  16  0:45  Refinery  
  16  0:51  SCV  
  16  0:55  Refinery  
  17  1:03  SCV  
  18  1:15  SCV  
  19  1:27  Orbital Command  
  19  1:28  Reaper  
  20  1:40  Supply Depot  
  20  1:44  Factory  
  20  1:52  SCV  
  21  2:01  Barracks Reactor  
  21  2:04  Supply Depot  
  21  2:05  SCV  
  22  2:17  SCV  
  23  2:29  Factory Tech Lab, SCV  
  24  2:31  Starport  
  24  2:37  Marine x2  
  24  2:41  SCV  
  27  2:48  Cyclone  
  30  2:52  Supply Depot  
  30  2:55  Marine x2  
  30  2:58  SCV  
  33  3:12  Barracks  
  33  3:13  Marine x2  
  35  3:21  Siege Tank  
  35  3:25  Medivac  
  40  3:31  Marine x2  
  42  3:42  Barracks  
  42  3:51  Marine  
  42  3:52  Marine  
  42  3:53  Siege Tank  
  47  3:59  Supply Depot  
  47  4:20  Marine x2  
  52  4:27  Marine  
  52  4:38  Marine x2  
Tags
 
Add a new tag
Caveats
  • Supply blocks, unpowered buildings, or Contaminate may cause inaccurate times.
  • Supply counts are checked every 10 seconds.